AoeStats
← El Fantasma de Pancho Villa

Black Forest

509979266Analyzed
4v4 RM · 3d ago on Sep 28, 2026· 55m 43s· 8 players
Game mode
Random Map
Map size
Large (8 player)
Population
200
Speed
Normal
Resources
Standard
Victory
Conquest
Starting age
Dark Age
Ending age
Imperial Age
RankedLock teamsTeams togetherTeam positionsShared explorationLock speedFull tech treeHidden civsTurbo modeCheats
Victory
Defeat
🇺🇸 Persians · United States
1169
+14
🇺🇸 Vietnamese · United States
1144
+15
🇨🇴 Britons · Colombia
1137
+15
🇺🇸 Burgundians · United States
1108
+17
🇺🇸 Cumans · United States
1175
-17
1149
-16
🇺🇸 Burgundians · United States
1106
-15
🇷🇺 Khmer · Russia
1068
-13
matt.rielly.lewis
0:28 Loom
12:41 Feudal Age
13:28 Double-Bit Axe
14:18 Horse Collar
17:33 Castle Age
16:35 Bow Saw
18:02 Scale Barding Armor
18:38 Wheelbarrow
24:01 Light Cavalry
26:37 Forging
26:47 Husbandry
32:29 Cavalier
37:22 Hand Cart
39:41 Chain Barding Armor
40:10 Ballistics
40:01 Gold Mining
41:25 Pikeman
42:06 Scale Mail Armor
42:50 Iron Casting
44:20 Gold Shaft Mining
48:09 Imperial Age
47:38 Stone Mining
48:51 Two-Man Saw
47:53 Heavy Plow
48:29 Fortified Wall
48:30 Masonry
48:11 Arson
48:26 Squires
48:44 Chain Mail Armor
48:20 Fletching
49:27 Plate Barding Armor
48:40 Halberdier
48:46 Paladin
49:30 Town Watch
50:23 Hussar
55:33 Stone Shaft Mining
56:35 Blast Furnace
55:31 Bodkin Arrow
[JB]zhenghui9900
11:57 Feudal Age
15:40 Castle Age
13:47 Double-Bit Axe
14:18 Horse Collar
16:45 Bow Saw
18:06 Wheelbarrow
19:33 Loom
21:58 Hand Cart
25:14 Gold Mining
30:04 Imperial Age
32:00 Chemistry
30:52 Heated Shot
30:45 Treadmill Crane
31:26 Ballistics
30:52 Pikeman
31:32 Squires
32:11 Paper Money
33:09 Two-Man Saw
31:43 Elite Skirmisher
32:29 Thumb Ring
32:16 Fletching
32:27 Padded Archer Armor
32:38 Forging
32:29 Scale Mail Armor
32:58 Bodkin Arrow
32:38 Imperial Skirmisher
33:58 Stone Mining
34:49 Bracer
35:05 Leather Archer Armor
35:56 Elite Fire Lancer
36:47 Forging
36:38 Scale Mail Armor
38:20 Arson
39:36 Halberdier
41:48 Chain Mail Armor
42:09 Iron Casting
44:44 Plate Mail Armor
46:03 Bombard Tower
45:55 Masonry
45:41 Murder Holes
46:29 Scale Barding Armor
46:55 Ring Archer Armor
BigPharmA
5:18 Loom
11:09 Feudal Age
13:46 Wheelbarrow
13:07 Double-Bit Axe
13:41 Horse Collar
16:48 Castle Age
15:40 Stone Mining
22:23 Bow Saw
24:21 Scale Barding Armor
25:44 Bloodlines
27:52 Husbandry
29:05 Chain Barding Armor
31:50 Hand Cart
34:03 Forging
35:57 Iron Casting
40:18 Imperial Age
38:15 Town Watch
39:21 Light Cavalry
40:17 Fletching
40:28 Padded Archer Armor
41:16 Citadels
41:45 Hoardings
40:34 Elite War Elephant
41:38 Conscription
41:15 Bodkin Arrow
41:56 Plate Barding Armor
42:22 Blast Furnace
42:40 Hussar
47:01 Leather Archer Armor
46:47 Scale Mail Armor
46:53 Gold Mining
48:09 Heavy Plow
49:11 Two-Man Saw
50:06 Ring Archer Armor
49:52 Chain Mail Armor
50:41 Gold Shaft Mining
50:42 Stone Shaft Mining
51:07 Crop Rotation
50:56 Sappers
51:34 Kamandaran
52:49 Cavalier
54:03 Plate Mail Armor
55:08 Savar
Elfelo
1:15 Loom
11:09 Feudal Age
12:27 Double-Bit Axe
18:14 Castle Age
16:14 Horse Collar
16:31 Gold Mining
17:04 Stone Mining
19:31 Bow Saw
25:07 Wheelbarrow
29:10 Heavy Plow
32:52 Imperial Age
31:28 Gold Shaft Mining
31:22 Hand Cart
32:20 Yeomen
31:51 Fletching
32:02 Padded Archer Armor
31:24 Elite Skirmisher
32:33 Bodkin Arrow
33:01 Ballistics
32:51 Masonry
32:54 Fortified Wall
32:25 Treadmill Crane
32:42 Murder Holes
33:54 Conscription
34:47 Two-Man Saw
33:54 Elite Longbowman
34:12 Onager
34:20 Imperial Skirmisher
35:34 Architecture
36:28 Two-Man Saw
35:20 Town Watch
35:50 Bracer
36:05 Leather Archer Armor
36:26 Conscription
36:31 Warwolf
38:08 Chemistry
37:38 Architecture
37:20 Careening
37:08 Murder Holes
38:43 Town Patrol
38:13 Elite Longbowman
40:05 Hoardings
40:46 Ring Archer Armor
40:27 Forging
40:17 Scale Mail Armor
39:39 Pikeman
40:20 Squires
40:05 Gambesons
40:06 Arson
40:51 Halberdier
42:01 Siege Engineers
42:02 Caravan
44:18 Crossbowman
45:34 Iron Casting
45:15 Chain Mail Armor
49:19 Blast Furnace
48:49 Plate Mail Armor
48:41 Arbalester
53:00 Guard Tower
52:56 Arrowslits
El Fantasma de Pancho Villa
PANACEA
4:34 Loom
11:25 Feudal Age
10:24 Double-Bit Axe
16:46 Castle Age
15:02 Bow Saw
14:48 Horse Collar
15:49 Heavy Plow
19:39 Gold Mining
22:21 Wheelbarrow
24:37 Forging
24:32 Scale Barding Armor
25:41 Two-Man Saw
26:10 Gold Shaft Mining
26:03 Hand Cart
27:26 Iron Casting
27:12 Chain Barding Armor
27:26 Husbandry
26:48 Cavalier
26:54 Cavalier
31:05 Imperial Age
28:45 Stone Mining
31:11 Chain Barding Armor
31:09 Pikeman
31:49 Squires
31:35 Arson
32:07 Burgundian Vineyards
32:24 Conscription
32:07 Halberdier
33:10 Scale Mail Armor
34:12 Blast Furnace
33:50 Crop Rotation
33:17 Paladin
34:32 Town Watch
38:30 Chain Mail Armor
38:51 Plate Barding Armor
38:17 Padded Archer Armor
38:58 Stone Shaft Mining
40:21 Hoardings
42:09 Caravan
44:16 Chemistry
43:36 Ballistics
42:57 Treadmill Crane
45:24 Fortified Wall
47:24 Murder Holes
48:40 Masonry
53:30 Plate Mail Armor
myth大帝110110110
2:26 Loom
10:53 Feudal Age
14:46 Castle Age
13:09 Double-Bit Axe
15:50 Bow Saw
16:48 Gold Mining
Lucker
1:54 Loom
12:47 Feudal Age
13:51 Horse Collar
19:42 Castle Age
18:39 Double-Bit Axe
19:48 Wheelbarrow
19:20 Gold Mining
22:05 Gold Shaft Mining
21:33 Heavy Plow
24:23 Bow Saw
24:25 Town Watch
26:22 Hand Cart
26:04 Fletching
27:34 Town Patrol
31:21 Imperial Age
29:39 Caravan
29:39 Stone Mining
29:52 Husbandry
30:03 Bloodlines
30:24 Fortified Wall
30:41 Masonry
31:02 Forging
30:55 Padded Archer Armor
33:25 Stone Shaft Mining
34:43 Chemistry
34:04 Ballistics
33:50 Siege Engineers
34:33 Double Crossbow
34:07 Light Cavalry
35:33 Coinage
35:39 Elite Ballista Elephant
37:48 Architecture
37:15 Murder Holes
38:01 Iron Casting
38:38 Scale Barding Armor
39:54 Blast Furnace
38:52 Bodkin Arrow
38:20 Hussar
44:17 Chain Barding Armor
43:57 Bracer
44:13 Leather Archer Armor
45:29 Conscription
45:36 Conscription
47:59 Plate Barding Armor
Connection lost

Rejoining the realm…

Still unreachable

The connection could not be restored.

Session expired

The server has moved on; the page needs a fresh start.